 Dungeon Crawl Stone Soup version 0.23.2-1-ga50397a6bc (webtiles) character file.

Game seed: 8099509670021137152

88 OdinFK the Bolt Thrower (level 4, -4/36 HPs)
             Began as a Centaur Arcane Marksman on May 26, 2019.
             Slain by a gnoll
             ... wielding a +0 spear
              (7 damage)
             ... on level 2 of the Dungeon.
             The game lasted 00:18:56 (2060 turns).

OdinFK the Bolt Thrower (Centaur Arcane Marksman)   Turns: 2060, Time: 00:18:57

Health: -4/36      AC:  4    Str: 13    XL:     4   Next: 29%
Magic:  5/6        EV:  9    Int: 12    God:
Gold:   96         SH:  0    Dex: 10    Spells: 2/5 levels left

rFire    . . .     SeeInvis .   a - +0 hand crossbow
rCold    . . .     Gourm    .   (no shield)
rNeg     . . .     Faith    .   e - +0 robe
rPois    .         Spirit   .   (no helmet)
rElec    .         Reflect  .   (no cloak)
rCorr    .         Harm     .   (no gloves)
MR       .....                  (no barding)
Stlth    +.........             (no amulet)
HPRegen  0.12/turn              (no ring)
MPRegen  0.10/turn              (no ring)

@: very quick
A: large, hooves 3, deformed body, speed 2, tough skin 3
a: no special abilities


You were on level 2 of the Dungeon.
You were not hungry.

You visited 1 branch of the dungeon, and saw 4 of its levels.

You collected 96 gold pieces.

Inventory:

Hand Weapons
 a - a +0 hand crossbow (weapon)
 b - a +1 short sword of draining
Missiles
 d - 65 bolts (quivered)
Armour
 e - a +0 robe (worn)
 j - a +0 leather armour
Jewellery
 n - an uncursed ring of protection from magic {unknown}
 v - an uncursed ring of magical power {unknown}
Scrolls
 c - a scroll of teleportation {unknown}
 g - 2 scrolls of blinking {unknown}
 h - 2 scrolls of identify {unknown}
 k - a scroll of fog {unknown}
 o - a scroll of random uselessness {unknown}
 p - a scroll of magic mapping {unknown}
 t - a scroll of remove curse {unknown}
Potions
 i - a potion of resistance {unknown}
 m - a potion of degeneration {unknown}
 q - a potion of invisibility {unknown}
 r - 2 potions of curing {unknown}
 s - a potion of heal wounds {unknown}
 u - 2 potions of lignification {unknown}
Comestibles
 f - 4 rations


   Skills:
 + Level 1.9 Fighting
 + Level 1.2 Short Blades
 * Level 3.4 Crossbows
 - Level 1.3 Dodging
 + Level 1.4 Spellcasting
 + Level 3.0 Hexes


You had 2 spell levels left.
You knew the following spells:

 Your Spells              Type           Power        Failure   Level  Hunger
a - Corona                Hex            #......      9%          1    ##.....
b - Slow                  Hex            #.......     12%         2    ###....

Your spell library contained the following spells:

 Spells                   Type           Power        Failure   Level  Hunger
 Inner Flame              Hex/Fire       #.......     43%         3    ####...
 Portal Projectile        Hex/Tloc       #.....       43%         3    ####...
 Cause Fear               Hex            #.........   63%         4    #####..
 Leda's Liquefaction      Hex/Erth       #.........   83%         4    #####..


Dungeon Overview and Level Annotations

Branches:
Dungeon (4/15)
 Temple: D:4-7

Altars:
Elyvilon


Innate Abilities, Weirdness & Mutations

You have hooves in place of feet.
Armour fits poorly on your strangely shaped body.
You cover ground very quickly.
You have extremely tough skin. (AC +3)


Message History

You shoot a bolt. The bolt hits the gnoll.
The gnoll is heavily wounded.
The jackal bites you but does no damage.
The gnoll hits you but does no damage.
The jackal bites you but does no damage.
Firing (i - inventory)
d - 67 bolts (quivered)
Press: ? - help, Shift-Dir - straight line, f/p - gnoll
Aim: a gnoll, wielding a +0 spear (heavily wounded)
You shoot a bolt. The bolt closely misses the gnoll.
The jackal bites you but does no damage.
The gnoll closely misses you. The jackal misses you.
Firing (i - inventory)
d - 66 bolts (quivered)
Press: ? - help, Shift-Dir - straight line, f/p - gnoll
Aim: a gnoll, wielding a +0 spear (heavily wounded)
You shoot a bolt. The bolt closely misses the gnoll.
The gnoll hits you from afar with a +0 spear.
* * * LOW HITPOINT WARNING * * *
The jackal completely misses you.
The gnoll hits you from afar with a +0 spear!
You die...

..# ............. #..... ..#####.
............ #..... ........
........... #..... ........
#.......... #.....
........###.......... #.....
..#####.............. ##.##. <.#
#.............. ##.... ..#
#.....#h##############.....
..#####.....#hhh@.g.(..(.........
.....÷..############.....###.....
.#....########### #.....# #.....
................# #.....# #.....
.#....#########.# #.....# #.....
.#....# #.# #.....# #.....
##....# #.# #.....# #..÷..
...#### #.# #.....# #..... ####
#.# #.....# #.....


You could see a gnoll and 4 jackals.

Vanquished Creatures
  An iguana (D:2)
  3 gnolls
  A dart slug (D:1)
  A worm (D:2)
  2 leopard geckos
  2 ball pythons
  A giant cockroach (D:1)
  3 goblins
  2 hobgoblins (D:1)
  2 quokkas (D:2)
  A frilled lizard (D:1)
  6 kobolds
  6 rats
31 creatures vanquished.

Notes
Turn   | Place    | Note
-------+----------+-------------------------------------------
     0 | D:1      | OdinFK the Centaur Arcane Marksman began the quest for the
                  | Orb.
     0 | D:1      | Reached XP level 1. HP: 16/16 MP: 2/2
   390 | D:1      | Reached XP level 2. HP: 23/23 MP: 3/3
   849 | D:1      | Reached XP level 3. HP: 23/28 MP: 4/4
  1658 | D:2      | Reached skill level 1 in Short Blades
  1667 | D:2      | You fall through a shaft for 2 floors!
  1769 | D:2      | Reached XP level 4. HP: 22/36 MP: 6/6
  1776 | D:2      | Learned a level 2 spell: Slow
  1866 | D:2      | Found a white marble altar of Elyvilon.
  2060 | D:2      | Slain by a gnoll

Skill      XL: |  1  2  3 |
---------------+----------+-----
Crossbows      | 3 |  3.4
Short Blades   | 1 |  1.2
Hexes          | 3 |  3.0
Fighting       | |  1.9
Dodging        | |  1.3
Spellcasting   | |  1.4

Action                   |  1- 3 |  4- 6 || total
-------------------------+-------+-------++-------
Melee: Short sword       |    34 |    13 ||    47
       Kick              |     3 |     2 ||     5
 Fire: Hand crossbow     |    26 |     9 ||    35
 Cast: Slow              |       |     1 ||     1
  Eat: Chunk             |     1 |     1 ||     2
Armor: Robe              |     7 |    18 ||    25
Dodge: Dodged            |    15 |    29 ||    44
